[Event "Titled Tuesday Blitz April 4 Early 2023"]
[White "Necula, Iulian"]
[Black "Thiel, Thomas"]
[WhiteFideId "1232380"]
[BlackFideId "4615964"]
[WhiteElo "1790"]
[BlackElo "2219"]
[Result "1/2-1/2"]
[Round "08"]
[TimeControl "180+2"]
[Date "2023.04.04"]
[WhiteClock "0:01:49"]
[BlackClock "0:00:15"]

1. d4 Nf6 2. Nc3 d5 3. Bf4 c6 4. e3 Bf5 5. f3 h6 6. g4 Bh7 7. h4 e6 8. g5 Nh5 9. Nge2 Bd6 10. Bxd6 Qxd6 11. f4 Nd7 12. Bg2 Bg6 13. Bf3 hxg5 14. hxg5 O-O-O 15. Qd2 f6 16. O-O-O fxg5 17. fxg5 Ng3 18. Nxg3 Qxg3 19. Qg2 Qxg2 20. Bxg2 e5 21. Rxh8 Rxh8 22. Rh1 Rf8 23. Rf1 Re8 24. Bh3 Kd8 25. Bxd7 Kxd7 26. Kd2 exd4 27. exd4 Rh8 28. Rf2 Rh5 29. Rg2 Ke6 30. Ne2 Be4 31. Nf4+ Kf5 32. Nxh5 Bxg2 33. Nxg7+ Kxg5 34. Ne6+ Kf6 35. Nf4 Be4 36. c3 Kf5 37. Ne2 Bf3 38. Nc1 Ke4 39. Nb3 b6 40. a4 Bh5 41. a5 Be8 42. axb6 axb6 43. Nc1 c5 44. dxc5 bxc5 45. Nb3 c4 46. Nd4 Bd7 47. Ke2 Ke5 48. Ke3 Bc8 49. Nf3+ Kd6 50. Kd4 Bb7 51. Ne5 Kc7 52. Nxc4 dxc4 53. Kxc4 Kb6 54. b4 Ba6+ 55. Kb3 Be2 56. c4 Bxc4+ 57. Kxc4 Kc6 58. b5+ Kb6 59. Kb4 Kb7 60. Ka5 Ka7 61. b6+ Kb7 62. Kb5 Kb8 63. Ka6 Ka8 64. b7+ Kb8 65. Kb6 1/2-1/2


[Site "https://www.chess.com"]

[Event "Titled Tuesday Blitz April 4 Early 2023"]
[White "Sakun, Volodymyr"]
[Black "Simonovic, Miroslav"]
[WhiteFideId "14114062"]
[BlackFideId "919152"]
[WhiteElo "2318"]
[BlackElo "2042"]
[Result "1-0"]
[Round "08"]
[TimeControl "180+2"]
[Date "2023.04.04"]
[WhiteClock "0:00:19"]
[BlackClock "0:00:04"]

1. d4 Nf6 2. c4 c5 3. d5 b5 4. cxb5 a6 5. b6 d6 6. Nc3 Nbd7 7. a4 Qxb6 8. a5 Qb7 9. e4 g6 10. Nf3 Bg7 11. Be2 O-O 12. O-O Rb8 13. Nd2 e5 14. dxe6 fxe6 15. Nc4 d5 16. exd5 exd5 17. Nd6 Qc6 18. Nxc8 Rbxc8 19. Bf3 Ne5 20. Bxd5+ Nxd5 21. Qxd5+ Qxd5 22. Nxd5 Rb8 23. Nb6 Rb7 24. Be3 Nd3 25. Rab1 Rf5 26. b3 Bd4 27. Bxd4 cxd4 28. Rbd1 Nf4 29. g3 Ne2+ 30. Kg2 Rxa5 31. Nc4 Ra2 32. Rfe1 Rxb3 33. Nd2 Nc3 34. Nxb3 Nxd1 35. Rxd1 a5 36. Rxd4 a4 37. Nc5 a3 38. Ra4 Ra1 39. Nb3 Ra2 40. Ra7 g5 41. g4 Kh8 42. Kg3 Kg8 43. f3 Kh8 44. h4 gxh4+ 45. Kxh4 Rh2+ 46. Kg5 a2 47. Kf6 Rb2 48. Ra8# 1-0


[Site "https://www.chess.com"]

[Event "Titled Tuesday Blitz April 4 Early 2023"]
[White "rionelG"]
[Black "Vaglio Munoz, Jaime"]
[BlackFideId "6500145"]
[WhiteElo "2192"]
[BlackElo "2199"]
[Result "0-1"]
[Round "08"]
[TimeControl "180+2"]
[Date "2023.04.04"]
[WhiteClock "0:00:13"]
[BlackClock "0:00:34"]

1. e4 e6 2. d3 d5 3. Nd2 dxe4 4. dxe4 Nf6 5. g3 Bc5 6. Bg2 Qd4 7. Qe2 Ng4 8. Nh3 e5 9. O-O Qd6 10. Nb3 Bb6 11. Kh1 O-O 12. f3 Nf6 13. Nf2 Be6 14. Be3 Nc6 15. Rfd1 Qe7 16. c3 Rfd8 17. h3 h6 18. f4 Rxd1+ 19. Rxd1 Rd8 20. f5 Bxb3 21. axb3 Bxe3 22. Qxe3 Rxd1+ 23. Nxd1 Qd6 24. Nf2 a5 25. Bf1 b6 26. g4 Nd7 27. Bc4 Qc5 28. Qxc5 Nxc5 29. Kg2 Kf8 30. Kf3 Ke7 31. Nd3 Nd7 32. Bb5 Ncb8 33. h4 c6 34. Bc4 b5 35. Bd5 cxd5 36. exd5 Kd6 37. Ke4 f6 38. g5 hxg5 39. hxg5 Na6 40. b4 axb4 41. cxb4 Nc7 42. gxf6 Nxf6+ 43. Ke3 Ncxd5+ 44. Kd2 e4 45. Nc5 Nxb4 46. Ne6 g6 47. Nd4 gxf5 48. Nxf5+ Ke5 49. Ng3 Nbd5 50. Kc2 Kf4 51. Ne2+ Ke3 52. Ng3 Kf2 53. Nf5 e3 54. Nd4 e2 55. Nxe2 Kxe2 56. Kb3 Kd3 57. Ka2 Kc4 58. Ka3 b4+ 59. Ka4 Nb6+ 60. Ka5 Nfd5 61. Ka6 Kb3 0-1


[Site "https://www.chess.com"]

[Event "Titled Tuesday Blitz April 4 Early 2023"]
[White "Garcia Almaguer, Juan Manuel"]
[Black "Blokhin, Sofia"]
[WhiteFideId "5110491"]
[BlackFideId "4508190"]
[WhiteElo "2117"]
[BlackElo "1994"]
[Result "0-1"]
[Round "08"]
[TimeControl "180+2"]
[Date "2023.04.04"]
[WhiteClock "0:00:08"]
[BlackClock "0:00:10"]

1. e4 c5 2. Nc3 e6 3. d4 cxd4 4. Qxd4 Nc6 5. Qe3 g6 6. Bd2 Bg7 7. O-O-O a6 8. f4 Nge7 9. Nf3 O-O 10. e5 d5 11. g4 d4 12. Qf2 dxc3 13. Bxc3 Qc7 14. h4 Nd5 15. Bd2 Ncb4 16. Bxb4 Nxb4 17. a3 Nd5 18. Ng5 Bd7 19. Bd3 Rac8 20. h5 Bb5 21. hxg6 Bxd3 22. gxh7+ Kh8 23. Rxd3 Nxf4 24. Rc3 Qxe5 25. Nxf7+ Rxf7 26. Rxc8+ Rf8 27. Rxf8+ Bxf8 28. Re1 Qg5 29. Kb1 Kxh7 30. Qd4 Bg7 31. Qe4+ Kg8 32. Qxb7 Qf6 33. Qc8+ Kf7 34. Qd7+ Kg6 35. Qe8+ Kg5 36. c3 Qg6+ 37. Qxg6+ Kxg6 38. Re4 e5 39. Ra4 Kg5 40. Rxa6 Kxg4 41. Ra7 Bf6 42. a4 e4 43. Kc2 e3 44. Ra8 e2 45. Re8 Kf3 46. Kd2 Kf2 47. a5 Bg5 48. a6 Nd5+ 49. Kc2 Ne3+ 50. Rxe3 Bxe3 51. a7 Bxa7 0-1


[Site "https://www.chess.com"]

[Event "Titled Tuesday Blitz April 4 Early 2023"]
[White "Carrasco Miranda, Andres"]
[Black "Dahlgren, James Allen"]
[WhiteFideId "3405990"]
[BlackFideId "22256873"]
[WhiteElo "2183"]
[BlackElo "2188"]
[Result "1-0"]
[Round "08"]
[TimeControl "180+2"]
[Date "2023.04.04"]
[WhiteClock "0:02:07"]
[BlackClock "0:01:46"]

1. d4 e6 2. c4 c5 3. d5 Nf6 4. Nc3 d6 5. g3 g6 6. Bg2 Bg7 7. Nf3 O-O 8. O-O e5 9. e4 Nh5 10. Ne1 f5 11. exf5 a6 12. a4 Nd7 13. fxg6 hxg6 14. Ne4 Ndf6 15. Ng5 Bh6 16. Ne6 Bxc1 17. Nxd8 Bxb2 18. Rb1 Bd4 19. Nxb7 1-0


[Site "https://www.chess.com"]

[Event "Titled Tuesday Blitz April 4 Early 2023"]
[White "dDobravcan"]
[Black "Ward, Ieuan C"]
[BlackFideId "406627"]
[WhiteElo "2140"]
[BlackElo "2293"]
[Result "1-0"]
[Round "08"]
[TimeControl "180+2"]
[Date "2023.04.04"]
[WhiteClock "0:00:23"]
[BlackClock "0:00:07"]

1. e4 e5 2. Nf3 Nc6 3. Bb5 a6 4. Bxc6 dxc6 5. O-O Bd6 6. d4 f6 7. dxe5 fxe5 8. Nxe5 Nf6 9. Nd3 Be7 10. e5 Nd5 11. Qh5+ g6 12. Qh6 Bf8 13. Qg5 Be7 14. Qg3 O-O 15. f4 Bf5 16. Kh1 c5 17. Nd2 b5 18. c4 Nb6 19. Nf2 bxc4 20. Nde4 Nd5 21. Qf3 c6 22. g4 Bd7 23. Qg3 Rb8 24. f5 Bh4 25. Qg2 gxf5 26. gxf5+ Kh8 27. e6 Rg8 28. Qh3 Be8 29. Ng4 Bh5 30. Ne5 Rb6 31. Nxc5 Qf6 32. Ncd7 Qg5 33. Bxg5 1-0


[Site "https://www.chess.com"]

[Event "Titled Tuesday Blitz April 4 Early 2023"]
[White "Lohani, Sujana"]
[Black "morozcoma"]
[WhiteFideId "12311987"]
[WhiteElo "1718"]
[BlackElo "2279"]
[Result "0-1"]
[Round "08"]
[TimeControl "180+2"]
[Date "2023.04.04"]
[WhiteClock "0:00:02"]
[BlackClock "0:00:19"]

1. d4 d5 2. Nf3 Nf6 3. c4 dxc4 4. e3 Bg4 5. Bxc4 e6 6. O-O Bd6 7. Nbd2 Nc6 8. Qa4 O-O 9. e4 e5 10. d5 Ne7 11. Qc2 Ng6 12. h3 Bd7 13. a3 Nh5 14. b4 Qf6 15. Nb3 Bxh3 16. Bg5 Bxg2 17. Bxf6 Bxf3 18. Bg5 h6 19. Be3 Ngf4 20. Nd2 Bg4 21. f3 Bd7 22. Bxf4 Nxf4 23. Kh2 f5 24. Rg1 g5 25. Nf1 fxe4 26. fxe4 Ng6 27. Ra2 Nh4 28. Be2 Rf2+ 29. Kh1 Raf8 30. Ng3 Nf3 31. Rg2 Rxg2 32. Kxg2 Ne1+ 33. Kh2 Nxc2 34. Rxc2 Rf4 35. Kg2 Bg4 36. Bd3 Bf3+ 37. Kh2 h5 38. Nf5 Bxe4 39. Bxe4 Rxe4 40. Rg2 g4 41. Kg3 Rf4 42. Nh4 e4 43. Ng6 Rf6+ 44. Kh4 Rxg6 45. Kxh5 Rg7 46. Re2 g3 47. Rg2 e3 48. Kh4 e2 49. Rxe2 g2 0-1


[Site "https://www.chess.com"]

[Event "Titled Tuesday Blitz April 4 Early 2023"]
[White "Legenia, Artem"]
[Black "Maluco_do_Natal_00"]
[WhiteFideId "14136945"]
[WhiteElo "1992"]
[BlackElo "1995"]
[Result "0-1"]
[Round "08"]
[TimeControl "180+2"]
[Date "2023.04.04"]
[WhiteClock "0:01:11"]
[BlackClock "0:00:02"]

1. e4 c5 2. Nf3 Nc6 3. c3 d5 4. exd5 Qxd5 5. d4 Bg4 6. Be2 cxd4 7. cxd4 e6 8. O-O Nf6 9. Nc3 Qd8 10. h3 Bh5 11. Be3 Be7 12. Qa4 O-O 13. Rfd1 Nd5 14. Rac1 a6 15. Ne4 b5 16. Qc2 Bg6 17. Qxc6 Bxe4 18. Nd2 Nxe3 19. Qxe4 Nxd1 20. Rxd1 Rc8 21. Bd3 g6 22. Nf3 Bf6 23. h4 Qd5 24. Qg4 h5 25. Qg3 Kg7 26. Bb1 Rfd8 27. Re1 Qd6 28. Qh3 Qf4 29. Bd3 Rc1 30. Rxc1 Qxc1+ 31. Kh2 Bxd4 32. Qg3 Bf6 33. Ne5 Bxe5 34. Qxe5+ Kg8 35. Be4 Qd2 36. Kg1 Qd6 37. Qc3 Qd1+ 38. Kh2 Qd4 39. Qf3 Qe5+ 40. g3 Rd2 41. Kg2 Qxb2 42. Bb7 a5 43. Qf4 Kg7 44. Kg1 Rd1+ 45. Kg2 Qd4 46. Qf3 Rd2 47. Ba8 Rxa2 48. Be4 b4 49. Bb7 Ra3 50. Qe2 Rd3 51. Be4 Rd2 52. Qf3 b3 53. Bb1 b2 54. Be4 a4 55. Bb1 a3 56. Ba2 Rd1 57. Qb3 Ra1 58. Kf3 Rd1 59. Kg2 Rd3 60. Qb7 Rd2 61. Qf3 Qd3 62. Qf4 b1=Q 63. Bxb1 Qxb1 64. Qe5+ Kh7 65. Qf6 Qf5 66. Qe7 Qxf2+ 67. Kh3 Qg2# 0-1


[Site "https://www.chess.com"]

[Event "Titled Tuesday Blitz April 4 Early 2023"]
[White "Hartikainen, Jarmo"]
[Black "Tuleyeva-Aketayeva, Dana"]
[WhiteFideId "503134"]
[BlackFideId "13701932"]
[WhiteElo "2070"]
[BlackElo "2030"]
[Result "1-0"]
[Round "08"]
[TimeControl "180+2"]
[Date "2023.04.04"]
[WhiteClock "0:00:01"]
[BlackClock "0:00:01"]

1. e4 c5 2. c3 d5 3. exd5 Qxd5 4. d4 Nc6 5. Nf3 Bg4 6. Be2 Nf6 7. O-O g6 8. dxc5 Qxc5 9. Be3 Qd5 10. Na3 Bg7 11. Nb5 Qxd1 12. Rfxd1 O-O 13. h3 Bf5 14. Nbd4 Be4 15. Nxc6 Bxc6 16. Nd4 Bd7 17. Bf3 Rab8 18. Bf4 Rbd8 19. Bxb7 Ba4 20. b3 Bd7 21. Bc7 Rde8 22. a4 e5 23. Nf3 e4 24. Nd4 e3 25. Bd6 exf2+ 26. Kxf2 Ne4+ 27. Bxe4 Rxe4 28. Bxf8 Kxf8 29. b4 g5 30. b5 g4 31. Rd3 h5 32. Re1 Rf4+ 33. Kg3 Rf6 34. c4 Bh6 35. hxg4 hxg4 36. Kh2 Bf4+ 37. g3 Rh6+ 38. Kg2 Bd6 39. Rc1 Bc8 40. c5 Bc7 41. Kf2 1-0


[Site "https://www.chess.com"]

[Event "Titled Tuesday Blitz April 4 Early 2023"]
[White "K2JW"]
[Black "Svicevic, Rastko"]
[BlackFideId "916315"]
[WhiteElo "2344"]
[BlackElo "2071"]
[Result "0-1"]
[Round "08"]
[TimeControl "180+2"]
[Date "2023.04.04"]
[WhiteClock "0:00:37"]
[BlackClock "0:00:08"]

1. d4 d5 2. c4 c6 3. Nc3 e6 4. e3 f5 5. Nf3 Nf6 6. Bd3 Bd6 7. b3 O-O 8. Bb2 Ne4 9. O-O Nd7 10. Ne2 Qe7 11. Ne5 Kh8 12. Rc1 a5 13. Nf4 Nxe5 14. dxe5 Ba3 15. Qh5 Kg8 16. Bxa3 Qxa3 17. Bxe4 fxe4 18. Qg4 Qe7 19. f3 Rf5 20. fxe4 Rxe5 21. Nh5 Rxe4 22. Qg3 Kh8 23. Rf3 Bd7 24. Rcf1 Rg8 25. Rf7 Qh4 26. Rxd7 Qxh5 27. Rxg7 Rg4 28. Rxg8+ Rxg8 29. Qf2 Qg6 30. cxd5 exd5 31. g3 h5 32. Qf4 Qe4 33. Qh6+ Qh7 34. Qf6+ Qg7 35. Qh4 Qe5 36. Rf3 Qa1+ 37. Kg2 Qb2+ 38. Kh3 Qe5 39. Qf6+ Qxf6 40. Rxf6 Kh7 41. Rf7+ Rg7 42. Rxb7 Rxb7 43. Kh4 Re7 44. Kxh5 Rf7 45. g4 Rf2 46. g5 Rxh2+ 47. Kg4 Rxa2 48. Kf5 Rf2+ 49. Ke5 Rg2 50. Kd6 Rxg5 51. Kxc6 d4 52. exd4 Rg3 53. d5 Rxb3 54. d6 a4 55. d7 Rd3 56. Kb5 a3 57. Kc4 Rxd7 58. Kb3 Ra7 59. Ka2 Kg6 60. Kb3 Kf5 61. Ka2 Ke5 62. Ka1 Ke6 63. Kb1 Kd6 64. Ka2 Kc5 65. Ka1 Kc4 66. Kb1 Kb3 67. Kc1 Rc7+ 68. Kd2 Rd7+ 0-1


[Site "https://www.chess.com"]

[Event "Titled Tuesday Blitz April 4 Early 2023"]
[White "Lwanga, Aguda"]
[Black "Itkis, Boris"]
[WhiteFideId "10801529"]
[BlackFideId "1209167"]
[WhiteElo "1475"]
[BlackElo "2216"]
[Result "1-0"]
[Round "08"]
[TimeControl "180+2"]
[Date "2023.04.04"]
[WhiteClock "0:02:04"]
[BlackClock "0:01:56"]

1. e4 e6 2. d4 d5 3. Nd2 c5 4. exd5 Qxd5 5. Ngf3 cxd4 6. Bc4 Qd6 7. Nb3 Nf6 8. Nbxd4 a6 9. O-O Be7 10. Re1 O-O 11. c3 b5 12. Bb3 Bb7 13. Qe2 Nc6 14. Nxc6 Qxc6 15. Bg5 Rfd8 16. Rad1 h6 17. Bh4 Rxd1 18. Rxd1 Rd8 19. Bxf6 Bxf6 20. Ne1 Qxg2+ 21. Nxg2 1-0


[Site "https://www.chess.com"]

[Event "Titled Tuesday Blitz April 4 Early 2023"]
[White "Sanchez, Robert"]
[Black "Pesotskiy, Mikhail"]
[WhiteFideId "2034360"]
[BlackFideId "34164453"]
[WhiteElo "2029"]
[BlackElo "2131"]
[Result "0-1"]
[Round "08"]
[TimeControl "180+2"]
[Date "2023.04.04"]
[WhiteClock "0:02:11"]
[BlackClock "0:03:04"]

1. e4 e6 2. d4 d5 3. Nd2 Nf6 4. e5 Nfd7 5. Bd3 c5 6. c3 Nc6 7. Ne2 cxd4 8. cxd4 f6 9. exf6 Qxf6 10. Nf3 h6 11. O-O Bd6 12. Ng3 O-O 13. a3 Rd8 14. Bc2 Nf8 15. Nh5 Qf7 16. Re1 Qxh5 0-1


[Site "https://www.chess.com"]

[Event "Titled Tuesday Blitz April 4 Early 2023"]
[White "Odeh, Kenneth"]
[Black "Akhayan, Ruben"]
[WhiteFideId "8500142"]
[BlackFideId "204439"]
[WhiteElo "2031"]
[BlackElo "2155"]
[Result "1/2-1/2"]
[Round "08"]
[TimeControl "180+2"]
[Date "2023.04.04"]
[WhiteClock "0:00:09"]
[BlackClock "0:00:24"]

1. e4 c6 2. d4 d5 3. e5 g6 4. Bd3 Bg7 5. f4 h5 6. Nf3 Nh6 7. Be3 Bf5 8. Nc3 Nd7 9. O-O Ng4 10. Qd2 O-O 11. h3 Nxe3 12. Qxe3 Bxd3 13. cxd3 e6 14. g4 hxg4 15. hxg4 c5 16. Kg2 cxd4 17. Nxd4 Re8 18. Rf3 Kf8 19. Rh1 Ke7 20. f5 Nxe5 21. f6+ Bxf6 22. Rxf6 Nxg4 23. Qf4 Nxf6 24. Rf1 Kd7 25. Ncb5 e5 26. Qg5 exd4 27. Rxf6 Re2+ 28. Kf1 Re7 29. Rd6+ Ke8 30. Rxd8+ Rxd8 31. Qh6 Kd7 32. Qh3+ Kc6 33. Nxd4+ Kc5 34. Nb3+ Kc6 35. d4 Rde8 36. Qc3+ Kd7 37. Nc5+ Kc8 38. Qa5 Re1+ 39. Kf2 R1e2+ 40. Kf1 Kb8 41. Nd7+ Kc8 42. Nc5 a6 43. Qb6 R8e7 44. Qa7 Re1+ 45. Kf2 R1e2+ 46. Kf1 Re1+ 47. Kf2 R1e2+ 48. Kf1 1/2-1/2


[Site "https://www.chess.com"]

[Event "Titled Tuesday Blitz April 4 Early 2023"]
[White "Firouzja, Alireza"]
[Black "Andreikin, Dmitry"]
[WhiteFideId "12573981"]
[BlackFideId "4158814"]
[WhiteElo "2904"]
[BlackElo "2736"]
[Result "0-1"]
[Round "09"]
[TimeControl "180+2"]
[Date "2023.04.04"]
[WhiteClock "0:00:03"]
[BlackClock "0:00:09"]

1. d4 Nf6 2. c4 e6 3. g3 Bb4+ 4. Nc3 d5 5. Bg2 O-O 6. Nf3 dxc4 7. O-O Nc6 8. e3 Nd5 9. Qc2 Be7 10. Rd1 a6 11. e4 Ndb4 12. Qe2 Nd3 13. Be3 b5 14. b3 e5 15. bxc4 bxc4 16. Nxe5 Nxd4 17. Qh5 Be6 18. Nxd3 cxd3 19. Nd5 Nc2 20. Nxe7+ Qxe7 21. Bc5 Qd7 22. Bxf8 Rxf8 23. Rac1 Bg4 24. Qc5 Bxd1 25. Rxd1 Nd4 26. Bf1 Ne2+ 27. Kg2 Qa4 28. Rd2 Qxe4+ 29. f3 Qg6 30. Qxc7 h5 31. Qc4 Re8 32. Qxd3 Nf4+ 0-1


[Site "https://www.chess.com"]

[Event "Titled Tuesday Blitz April 4 Early 2023"]
[White "Hakobyan, Aram"]
[Black "Martinez Alcantara, Jose Eduardo"]
[WhiteFideId "13306677"]
[BlackFideId "3805662"]
[WhiteElo "2584"]
[BlackElo "2711"]
[Result "1-0"]
[Round "09"]
[TimeControl "180+2"]
[Date "2023.04.04"]
[WhiteClock "0:00:02"]
[BlackClock "0:00:02"]

1. d4 Nf6 2. c4 e6 3. Nc3 Bb4 4. e3 O-O 5. a3 Bxc3+ 6. bxc3 d6 7. Ne2 e5 8. Ng3 Re8 9. Bd3 Nc6 10. O-O Na5 11. e4 Nc6 12. Bb2 Ne7 13. f4 Ng6 14. f5 Nf8 15. Bc1 h6 16. Nh5 N8h7 17. Nxf6+ Nxf6 18. Qf3 c6 19. d5 cxd5 20. cxd5 Bd7 21. c4 a6 22. a4 b5 23. axb5 axb5 24. Rxa8 Qxa8 25. cxb5 Rb8 26. Qg3 Kh7 27. Qh4 Qa7+ 28. Kh1 Qd4 29. Bb1 Ng8 30. f6 g6 31. Ba3 Bxb5 32. Rg1 Rb6 33. Qh3 Be2 34. Qd7 h5 35. Qxf7+ Kh6 36. Qg7+ Kg5 37. Bc1+ Kh4 38. Qxg6 Qe3 39. Bxe3 1-0


[Site "https://www.chess.com"]

[Event "Titled Tuesday Blitz April 4 Early 2023"]
[White "Rasulov, Vugar"]
[Black "Korobov, Anton"]
[WhiteFideId "13402390"]
[BlackFideId "14105730"]
[WhiteElo "2509"]
[BlackElo "2638"]
[Result "0-1"]
[Round "09"]
[TimeControl "180+2"]
[Date "2023.04.04"]
[WhiteClock "0:00:22"]
[BlackClock "0:00:18"]

1. e4 c5 2. Nf3 d6 3. Bb5+ Nd7 4. Ba4 Nf6 5. O-O e6 6. Re1 Be7 7. c3 a6 8. d4 b5 9. Bc2 Bb7 10. Nbd2 cxd4 11. cxd4 O-O 12. Nf1 Rc8 13. Ng3 Qc7 14. Bd3 Qb8 15. Bg5 h6 16. Bd2 Rfd8 17. a4 b4 18. a5 d5 19. e5 Ne4 20. Nxe4 dxe4 21. Bxe4 Bxe4 22. Rxe4 Qb5 23. Rg4 Kf8 24. h3 Nb8 25. Qa4 Rd5 26. Qxb5 Rxb5 27. d5 h5 28. Rf4 exd5 29. Nd4 Rb7 30. Kf1 Nd7 31. Re1 Nc5 32. e6 Bg5 33. Rc1 Bxf4 34. Bxf4 Ke7 35. exf7 Kxf7 36. Bd6 Ne4 37. Rxc8 Nxd6 38. Rc6 Nc4 39. Rxa6 Nxb2 40. Rb6 Ra7 41. Nc6 Ra8 42. a6 Nc4 43. Rb7+ Ke6 44. a7 b3 45. Rxb3 Nd2+ 46. Ke2 Nxb3 47. Kd3 Kd6 48. Nb4 Rxa7 49. Kc3 Nc5 50. Nc2 Rc7 51. f3 Ne6+ 52. Kd2 Rxc2+ 53. Kxc2 Nf4 0-1


[Site "https://www.chess.com"]

[Event "Titled Tuesday Blitz April 4 Early 2023"]
[White "Zakhartsov, Vladimir"]
[Black "Naroditsky, Daniel"]
[WhiteFideId "4145097"]
[BlackFideId "2026961"]
[WhiteElo "2497"]
[BlackElo "2633"]
[Result "1/2-1/2"]
[Round "09"]
[TimeControl "180+2"]
[Date "2023.04.04"]
[WhiteClock "0:01:05"]
[BlackClock "0:00:33"]

1. e4 c5 2. Nf3 d6 3. g3 Nf6 4. Qe2 Nc6 5. Bg2 Bg4 6. c3 e6 7. d3 Be7 8. Nbd2 O-O 9. h3 Bxf3 10. Nxf3 Rb8 11. O-O b5 12. d4 cxd4 13. Nxd4 Nxd4 14. cxd4 Qb6 15. Be3 d5 16. e5 Nd7 17. f4 f5 18. exf6 Nxf6 19. Bf2 Rbe8 20. Rac1 a6 21. Rc2 Rc8 22. Rfc1 Rxc2 23. Qxc2 Rd8 24. Qc7 Qxc7 25. Rxc7 Rd7 26. Rxd7 Nxd7 27. f5 Kf7 28. fxe6+ Kxe6 29. Kf1 Nf6 30. Ke2 Ne4 31. Be1 h5 32. Kd3 Kf5 33. Bf3 g6 34. Ke3 Bg5+ 35. Kd3 Be7 36. Ke3 Nf6 37. Ba5 Bd6 38. Bd8 Bxg3 39. Bxf6 1/2-1/2


[Site "https://www.chess.com"]

[Event "Titled Tuesday Blitz April 4 Early 2023"]
[White "Zhigalko, Sergei"]
[Black "Bortnyk, Olexandr"]
[WhiteFideId "13502956"]
[BlackFideId "14120828"]
[WhiteElo "2626"]
[BlackElo "2734"]
[Result "1-0"]
[Round "09"]
[TimeControl "180+2"]
[Date "2023.04.04"]
[WhiteClock "0:00:02"]
[BlackClock "0:00:02"]

1. e4 d6 2. d4 Nf6 3. Nc3 e5 4. Nf3 Nbd7 5. Bc4 Be7 6. O-O c6 7. a4 Qc7 8. Re1 O-O 9. Ba2 a5 10. h3 h6 11. Be3 Re8 12. Qd2 Bf8 13. Rad1 exd4 14. Bxd4 Ne5 15. Nh2 Nfd7 16. f4 Ng6 17. Qf2 Nc5 18. e5 b6 19. Qg3 d5 20. Ng4 Ne6 21. Be3 h5 22. Nf2 Nc5 23. Ne2 h4 24. Qf3 Nxa4 25. Nd4 Nxb2 26. Rb1 Na4 27. Bd2 Nc5 28. Qh5 Ne6 29. Ne2 Nc5 30. Be3 1-0


[Site "https://www.chess.com"]

[Event "Titled Tuesday Blitz April 4 Early 2023"]
[White "Svane, Rasmus"]
[Black "Moroni, Luca Jr"]
[WhiteFideId "4657101"]
[BlackFideId "865834"]
[WhiteElo "2597"]
[BlackElo "2569"]
[Result "1-0"]
[Round "09"]
[TimeControl "180+2"]
[Date "2023.04.04"]
[WhiteClock "0:00:15"]
[BlackClock "0:00:13"]

1. Nf3 d6 2. d4 g6 3. e4 Bg7 4. Bd3 Nf6 5. O-O O-O 6. h3 Nc6 7. d5 Nb8 8. c4 c6 9. Nc3 Nbd7 10. Re1 Qc7 11. Bf4 cxd5 12. exd5 Nc5 13. Bc2 a6 14. Nd4 Re8 15. Qd2 Ncd7 16. Bb3 Nc5 17. Re2 e5 18. dxe6 fxe6 19. Rae1 e5 20. Bg5 Qf7 21. Nc2 Bf5 22. Nb4 b5 23. cxb5 Nxb3 24. axb3 axb5 25. Nxb5 Qxb3 26. Bxf6 Bxf6 27. Qd5+ Be6 28. Qxb3 Bxb3 29. Nc7 Reb8 30. Nxa8 Rxb4 31. Nc7 d5 32. Rc1 Bc4 33. Rec2 e4 34. Ra1 Bxb2 35. Ra8+ Kf7 36. Ra7 Kf6 37. Ne8+ Kg5 38. Nd6 Be5 39. Nf7+ Kf6 40. Nxe5 Kxe5 41. Re7+ Kd6 42. Rxh7 d4 43. Rd2 Ke5 44. Re7+ Kd5 45. Rd7+ Ke5 46. R7xd4 Rb1+ 47. Kh2 Bd3 48. R4xd3 exd3 49. Rxd3 Rb2 50. Kg3 Kf5 51. Rd5+ Kf6 52. Rd3 Rb4 53. f3 Kg5 54. Rd5+ Kh6 55. h4 Ra4 56. Re5 Ra1 57. Kg4 Ra2 58. g3 Ra4+ 59. f4 Ra3 60. h5 gxh5+ 61. Rxh5+ Kg6 62. Rb5 Kf6 63. Rb6+ Kg7 64. Kh4 Ra5 65. g4 Rc5 66. f5 Rc8 67. Kg5 Rc7 68. Re6 Rc8 69. Rg6+ Kf7 70. Rb6 Kg7 71. Rb7+ Kg8 72. Kg6 Rc6+ 73. f6 Rc8 74. g5 Ra8 75. Rg7+ Kf8 76. Rh7 1-0


[Site "https://www.chess.com"]

[Event "Titled Tuesday Blitz April 4 Early 2023"]
[White "Real_OceanStorm"]
[Black "Duda, Jan-Krzysztof"]
[BlackFideId "1170546"]
[WhiteElo "2820"]
[BlackElo "2790"]
[Result "0-1"]
[Round "09"]
[TimeControl "180+2"]
[Date "2023.04.04"]
[WhiteClock "0:00:04"]
[BlackClock "0:00:11"]

1. d4 Nf6 2. Nf3 g6 3. Nc3 d5 4. Bf4 Bg7 5. e3 O-O 6. h3 b6 7. Be2 Bb7 8. Nb5 Ne8 9. O-O a6 10. Nc3 c5 11. dxc5 bxc5 12. Rb1 e6 13. e4 d4 14. b4 Nd7 15. bxc5 Nxc5 16. Na4 Nxa4 17. Rxb7 Nd6 18. Bxd6 Qxd6 19. Qd2 Nc5 20. e5 Bxe5 21. Nxe5 Nxb7 22. Nc4 Qc5 23. Qf4 Rad8 24. Bd3 Rd5 25. Re1 Qb4 26. Rd1 Nc5 27. Ne3 Rdd8 28. Ng4 Nxd3 29. cxd3 Qd6 30. Qf6 h5 31. Ne5 Qc7 32. g4 Rd5 33. Nc4 Qd8 34. Qf3 Kg7 35. a4 Qf6 36. Qg3 Rh8 37. Nd2 hxg4 38. hxg4 Qh4 39. Kg2 Qxg3+ 40. Kxg3 Rc5 41. Nc4 Rb8 42. Kf4 Rb4 43. Ra1 Rbxc4 44. dxc4 Rxc4 45. Ke4 d3+ 46. Kxd3 Rxg4 47. a5 Rf4 48. Ke3 Rf5 49. f3 g5 50. Ra3 Kg6 51. Ra1 Re5+ 52. Kd4 Kf5 53. Rg1 Rxa5 54. Ke3 Ra3+ 55. Kf2 a5 56. Rg4 a4 57. Rc4 Ra1 58. Rc7 f6 59. Ra7 a3 60. Ra5+ e5 61. Ra4 a2 62. Kg2 Kg6 63. Ra7 f5 64. Ra6+ Kf7 65. Ra5 Ke6 66. Ra6+ Kd7 67. Ra5 e4 68. fxe4 fxe4 69. Ra7+ Kc6 70. Ra6+ Kb5 71. Ra7 e3 0-1


[Site "https://www.chess.com"]

[Event "Titled Tuesday Blitz April 4 Early 2023"]
[White "Salemgareev, Tagir"]
[Black "Indjic, Aleksandar"]
[WhiteFideId "24199052"]
[BlackFideId "911925"]
[WhiteElo "2360"]
[BlackElo "2614"]
[Result "1-0"]
[Round "09"]
[TimeControl "180+2"]
[Date "2023.04.04"]
[WhiteClock "0:00:20"]
[BlackClock "0:01:07"]

1. d4 Nf6 2. c4 e6 3. Nf3 c5 4. d5 d6 5. Nc3 exd5 6. cxd5 g6 7. e4 a6 8. a4 Bg4 9. h3 Bxf3 10. Qxf3 Nbd7 11. Qd1 Bg7 12. Bd3 O-O 13. O-O Re8 14. Re1 Rc8 15. Bf1 Nh5 16. Qb3 Rb8 17. Be2 Nhf6 18. Qc2 Qe7 19. Bf4 Qf8 20. a5 h5 21. Bf1 Bh6 22. Bh2 g5 23. Nd1 g4 24. Ne3 Nxe4 25. Nf5 Ndf6 26. Bd3 g3 27. fxg3 Ng5 28. g4 Rxe1+ 29. Rxe1 Rd8 30. h4 Nxg4 31. hxg5 Bxg5 32. Be2 Re8 33. Rf1 Be3+ 34. Kh1 Nf2+ 35. Rxf2 Bxf2 36. Bxd6 1-0


[Site "https://www.chess.com"]

[Event "Titled Tuesday Blitz April 4 Early 2023"]
[White "Durarbayli, Vasif"]
[Black "Yanchenko, Roman"]
[WhiteFideId "13402935"]
[BlackFideId "4137329"]
[WhiteElo "2551"]
[BlackElo "2491"]
[Result "1-0"]
[Round "09"]
[TimeControl "180+2"]
[Date "2023.04.04"]
[WhiteClock "0:00:11"]
[BlackClock "0:00:06"]

1. e4 e6 2. d4 d5 3. e5 c5 4. c3 Qb6 5. Nf3 Bd7 6. Bd3 Bb5 7. dxc5 Bxc5 8. b4 Bxd3 9. Qxd3 Bf8 10. Be3 Qc7 11. Na3 a6 12. O-O Nc6 13. c4 Nxb4 14. Qb3 d4 15. Nxd4 Nc6 16. Nxc6 Qxc6 17. Nc2 Ne7 18. Nd4 Qc8 19. Rab1 Rb8 20. Rfd1 f5 21. exf6 gxf6 22. c5 Kf7 23. Bf4 Ra8 24. Re1 Nd5 25. Nxe6 Qc6 26. Nc7 Bxc5 27. Nxd5 Kg6 28. Qg3+ Kf7 29. Qb3 Kg6 30. Qxb7 Qxb7 31. Rxb7 Rae8 32. Be3 Bd6 33. Rd1 Re6 34. g3 Rhe8 35. Nf4+ Bxf4 36. Bxf4 h5 37. Be3 a5 38. Rb5 a4 39. Rb4 a3 40. Rd3 Rc6 41. Rxa3 Rc2 42. Kg2 h4 43. Rg4+ Kf5 44. Rxh4 Rb2 45. Rf4+ Kg6 46. Bd4 Re6 47. Bxb2 1-0


[Site "https://www.chess.com"]